 Dungeon Crawl Stone Soup version 0.17.1-2-g5865329 (webtiles) character file.

482 xeno23 the Slasher (level 6, -1/41 HPs)
             Began as a High Elf Skald on Jan 29, 2016.
             Was an Initiate of the Shining One.
             Slain by a hound (4 damage)
             ... on level 4 of the Dungeon.
             The game lasted 00:18:21 (4812 turns).

xeno23 the Slasher (High Elf Skald)                 Turns: 4812, Time: 00:18:21

Health: -1/41      AC:  6    Str: 13    XL:     6   Next: 87%
Magic:  4/11       EV: 11    Int: 16    God:    the Shining One [......]
Gold:   197        SH:  0    Dex: 15    Spells: 4 memorised, 2 levels left

rFire  . . .     SeeInvis .     a - +0 falchion
rCold  . . .     Clarity  .     r - +0 ring mail
rNeg   . . .     SustAt   .     (no shield)
rPois  .         Gourm    .     h - +0 helmet
rElec  .         Spirit   .     (no cloak)
rCorr  .         Warding  .     (no gloves)
rMut   .         Stasis   .     (no boots)
MR     .....                    (no amulet)
Stlth  ++........               (no ring)
                                u - ring of stealth

@: infused, drained, not resistant to hostile enchantments, unstealthy
A: no striking features
a: Renounce Religion


You were on level 4 of the Dungeon.
You worshipped the Shining One.
The Shining One was noncommittal.
You were hungry.

You visited 1 branch of the dungeon, and saw 4 of its levels.

You collected 197 gold pieces.

Inventory:

Hand Weapons
 a - a +0 falchion (weapon)
 p - a +0 spear
Missiles
 j - 18 poisoned needles
Armour
 h - a +0 helmet (worn)
 r - a +0 ring mail (worn)
 w - a +0 chain mail
Jewellery
 u - a ring of stealth (left hand)
Scrolls
 b - 5 scrolls of teleportation {unknown}
 e - 6 scrolls of identify {unknown}
 k - 2 scrolls of remove curse {unknown}
 m - a scroll of enchant weapon {unknown}
 y - a scroll of noise {unknown}
 B - a scroll of fear {unknown}
Potions
 i - a potion of magic {unknown}
 l - a potion of resistance {unknown}
 n - 2 potions of curing
 o - a potion of brilliance {unknown}
 q - 2 potions of mutation {unknown}
 s - 3 potions of might {unknown}
 t - a potion of agility {unknown}
 v - 2 potions of flight {unknown}
 x - a potion of lignification {unknown}
Books
 c - a book of Battle

   Spells                             Type                      Level
   a - Infusion                       Charms                       1
   b - Shroud of Golubria             Charms/Translocation         2
   c - Song of Slaying                Charms                       2
   d - Spectral Weapon                Hexes/Charms                 3
   e - Regeneration                   Charms/Necromancy            3
Comestibles
 d - 5 bread rations
 g - a beef jerky
 A - a meat ration


   Skills:
 + Level 2.7(2.2) Fighting
 * Level 5.0(4.5) Long Blades
 + Level 2.4(2.0) Armour
 + Level 2.5(2.0) Dodging
 - Level 3.0(2.5) Spellcasting
 * Level 1.8(1.3) Hexes
 + Level 5.0(4.5) Charms
 + Level 2.2(1.8) Translocations
 + Level 0.0 Invocations


You had 2 spell levels left.
You knew the following spells:

 Your Spells              Type           Power        Failure   Level  Hunger
a - Infusion              Chrm           ###...       10%         1    #......
d - Shroud of Golubria    Chrm/Tloc      ##........   21%         2    ##.....
e - Regeneration          Chrm/Necr      #.........   61%         3    ###....
s - Spectral Weapon       Hex/Chrm       ##......     38%         3    ###....


Dungeon Overview and Level Annotations

Branches:
Dungeon (4/15)
 Temple: D:4-7

Altars:
Elyvilon
Okawaru
Ru
Vehumet
The Shining One


Message History

The wight barely misses you.
The wight hits you from afar with a halberd!
You feel drained.
You take 12 damage.
You closely miss the wight.
The wight is lightly damaged.
Your spectral weapon hits the wight.
The wight hits your spectral weapon but does no damage.
You hit the wight.
The wight is severely damaged.
Your spectral weapon barely misses the wight.
The wight hits you from afar with a halberd!
* * * LOW HITPOINT WARNING * * *
Your shroud falls apart!
The wight hits you with a short sword of freezing.
* * * LOW HITPOINT WARNING * * *
The wight freezes you.
* * * LOW HITPOINT WARNING * * *
The hound bites you.
You die...

###### ##....##
#......# #..(...#
#......##########
#.....(z.........
#....@z##.#####.....
#....h.##.# #.......
#......##.###.........
#......##..##.......(.
##....####.##.........
###### #.z#........|
##.#z....>...
#..#..(....#
##...........


You could see a hound and 2 wights.

Vanquished Creatures
  A big kobold (D:2)
  A scorpion (D:4)
  A wight (D:3)
  An orc priest (D:3)
  2 orc wizards
  An iguana (D:4)
  A worker ant (D:4)
  A hound skeleton (D:3)
  4 adders
  4 gnolls
  3 oozes
  2 worms (D:2)
  A giant gecko (D:3)
  6 orcs
  4 giant cockroaches
  11 hobgoblins
  7 jackals
  13 kobolds
  A ball python (D:1)
  9 bats
  A giant newt (D:1)
  7 goblins
  9 rats
91 creatures vanquished.

Notes
Turn   | Place    | Note
--------------------------------------------------------------
     0 | D:1      | xeno23 the High Elf Skald began the quest for the Orb.
     0 | D:1      | Reached XP level 1. HP: 14/14 MP: 4/4
    34 | D:1      | Reached skill level 1 in Armour
   389 | D:1      | Reached XP level 2. HP: 8/19 MP: 3/6
   885 | D:1      | Reached skill level 4 in Charms
  1224 | D:1      | Reached XP level 3. HP: 24/24 MP: 7/7
  1610 | D:2      | Learned a level 2 spell: Shroud of Golubria
  1614 | D:2      | Learned a level 3 spell: Spectral Weapon
  1713 | D:2      | Found a white marble altar of Elyvilon.
  2135 | D:2      | Reached XP level 4. HP: 29/29 MP: 9/9
  2222 | D:2      | Found a radiant altar of Vehumet.
  2500 | D:3      | Reached skill level 1 in Translocations
  2542 | D:3      | Found a sacrificial altar of Ru.
  2553 | D:3      | Reached XP level 5. HP: 30/34 MP: 4/10
  2587 | D:3      | Found an iron altar of Okawaru.
  2599 | D:3      | Noticed a big kobold
  2622 | D:3      | Reached skill level 1 in Hexes
  3238 | D:2      | Killed a big kobold
  3238 | D:2      | Reached XP level 6. HP: 16/41 MP: 1/11
  3324 | D:3      | Learned a level 3 spell: Regeneration
  3842 | D:3      | Found a glowing golden altar of the Shining One.
  3851 | D:3      | Became a worshipper of the Shining One
  4370 | D:4      | Reached skill level 5 in Charms
  4505 | D:3      | HP: 2/41 [wight/enchanted dagger (2)]
  4507 | D:3      | Reached skill level 5 in Long Blades
  4812 | D:4      | Slain by a hound

Action                   |  1- 3 |  4- 6 || total
-------------------------+-------+-------++-------
Melee: Falchion          |   136 |   220 ||   356
 Cast: Infusion          |     8 |    17 ||    25
       Shroud of Golubri |     3 |    11 ||    14
       Spectral Weapon   |       |     2 ||     2
  Use: Potion            |       |     2 ||     2
 Stab: Sleeping          |     1 |     3 ||     4
       Paralysed         |       |     2 ||     2
       Distracted        |       |     1 ||     1
  Eat: Chunk             |     4 |     8 ||    12
       Pizza             |       |     1 ||     1
